 Dungeon Crawl Stone Soup version 0.21.0-24-g2553a33 (webtiles) character file.

14 pstr the Digger (level 2, -2/22 HPs)
             Began as a Naga Earth Elementalist on Jan 19, 2018.
             Slain by a goblin (3 damage)
             ... on level 1 of the Dungeon.
             The game lasted 00:00:45 (94 turns).

pstr the Digger (Naga Earth Elementalist)             Turns: 94, Time: 00:00:46

Health: -2/22      AC:  1    Str: 10    XL:     2   Next: 45%
Magic:  0/5        EV: 10    Int: 15    God:
Gold:   0          SH:  0    Dex: 11    Spells: 4/5 levels left

rFire    . . .     SeeInvis +   (no weapon)
rCold    . . .     Gourm    .   (no shield)
rNeg     . . .     Faith    .   c - +0 robe
rPois    +         Spirit   .   (no helmet)
rElec    .         Reflect  .   (no cloak)
rCorr    .         Harm     .   (no gloves)
MR       .....                  (no barding)
Stlth    ++........             (no amulet)
HPRegen  0.07/turn              (no ring)
MPRegen  0.09/turn              (no ring)

@: short of breath, very slow
A: large, see invisible, deformed body, poison resistance, slowness 2, slow
metabolism 1, spit poison 1, AC +0
a: Spit Poison


You were on level 1 of the Dungeon.
You were not hungry.

You visited 1 branch of the dungeon, and saw 1 of its levels.

Inventory:

Missiles
 a - 16 arrows
 b - 19 stones (quivered)
Armour
 c - a +0 robe (worn)
Jewellery
 h - an uncursed amulet of harm {unknown}
Scrolls
 f - a scroll of enchant weapon {unknown}
Potions
 g - a potion of might {unknown}
 i - a potion of lignification {unknown}
Books
 e - a book of Geomancy

   Spells                             Type                      Level
   a - Sandblast                      Earth                        1
   b - Passwall                       Transmutation/Earth          2
   c - Stone Arrow                    Conjuration/Earth            3
   d - Petrify                        Transmutation/Earth          4
   e - Lee's Rapid Deconstruction     Earth                        5
Comestibles
 d - 2 rations


   Skills:
 + Level 1.6 Dodging
 + Level 3.1 Stealth
 + Level 2.2 Spellcasting
   Level 1.0 Transmutations
 + Level 3.4 Earth Magic


You had 4 spell levels left.
You knew the following spells:

 Your Spells              Type           Power        Failure   Level  Hunger
a - Sandblast             Erth           ##....       5%          1    #......


Dungeon Overview and Level Annotations

Branches:
Dungeon (1/15)

Altars:


Innate Abilities, Weirdness & Mutations

You cannot wear boots.
Your serpentine skin is tough. (AC +0)
You have supernaturally acute eyesight. (SInv)
Armour fits poorly on your strangely shaped body.
Your system is resistant to poisons. (rPois)
You cover ground very slowly.
You have a slow metabolism.
You can spit poison.


Message History

Found a chain mail.
Press: ? - help, Shift-Dir - straight line, f/p - ooze
Aim: an ooze (heavily wounded)
The splash of poison misses the goblin.
The splash of poison hits the ooze.
The ooze is poisoned.
The ooze is heavily wounded.
You feel slightly more hungry. The goblin hits you.
* * * LOW HITPOINT WARNING * * *
The goblin hits you.
* * * LOW HITPOINT WARNING * * *
Casting: Sandblast
Confirm with . or Enter, or press ? or * to list all spells.
Aiming: Sandblast
Press: ? - help, Shift-Dir - straight line, f/p - ooze
Aim: an ooze (heavily wounded, poisoned)
The blast of sand misses the goblin.
The blast of sand hits the ooze.
You kill the ooze!
b - 19 stones The goblin hits you.
You die...

.........#####..........###......
##..............................#
##.......####..##..[.....#..#....
.....†...###.....................
.............# ##.........##.....
#.....>.....####......####.......
#.....###...b...b......##........
##.....##...####g#.###...........
#.#...#..#.#...@#.####...#......
#..#.....##...##)........##......
..##........##...........##......
.##..........#.#.........##......
. #............#.........##.##...
. #..........###.................
#..........# #.........########
#..........# #.........#
#..........# #.........#


You could see a goblin and a bat.

Vanquished Creatures
  2 oozes (D:1)
  2 giant cockroaches (D:1)
  A kobold (D:1)
  A bat (D:1)
6 creatures vanquished.

Notes
Turn   | Place    | Note
-------+----------+-------------------------------------------
     0 | D:1      | pstr the Naga Earth Elementalist began the quest for the Orb.
     0 | D:1      | Reached XP level 1. HP: 15/15 MP: 3/3
    60 | D:1      | Reached XP level 2. HP: 22/22 MP: 1/5
    93 | D:1      | HP: 1/22 [goblin (1)]
    94 | D:1      | Slain by a goblin

Action                   || total
-------------------------++-------
 Cast: Sandblast         ||    11
 Abil: Spit Poison       ||     2
Armor: Robe              ||     4
Dodge: Dodged            ||    13
